 Dungeon Crawl Stone Soup version 0.26.1-2-gb8aa6d0cf2 (webtiles) character file.

Game seed: 12703329839644254010

21338 promet the Eclecticist (level 12, -2/66 HPs)
             Began as a Deep Elf Summoner on Feb 13, 2021.
             Was the Champion of Cheibriados.
             Engulfed by a fire crab's flame (15 damage)
             ... on level 3 of the Lair of Beasts on Feb 14, 2021.
             The game lasted 03:47:32 (21362 turns).

promet the Eclecticist (Deep Elf Summoner)         Turns: 21362, Time: 03:47:33

Health: -2/66      AC: 22    Str: 31    XL:     12   Next: 53%
Magic:  33/33      EV: 14    Int: 40    God:    Cheibriados [******]
Gold:   394        SH:  0    Dex: 35    Spells: 10/41 levels left

rFire    . . .     SeeInvis .   a - +7 rapier "Archus Benue" {vorpal, Str+6 Stlth+}
rCold    . . .     Faith    .   (no shield)
rNeg     . . .     Spirit   .   V - +0 chain mail of the Endless Princes {*Corrode Will+ Str+4 Dex+5}
rPois    .         Reflect  .   (no helmet)
rElec    .         Harm     .   y - scarf {repulsion}
rCorr    .         Rampage  .   F - +2 pair of gloves
Will     ++...                  U - +2 pair of boots {Stlth+}
Stlth    +.........             L - amulet of regeneration
HPRegen  0.61/turn              J - +4 ring of protection
MPRegen  0.23/turn              T - +4 ring of protection

@: confused, repel missiles, very slow
A: mutation resistance 1, MP-powered wands
a: Renounce Religion, Bend Time, Temporal Distortion, Slouch, Step From Time


You were on level 3 of the Lair of Beasts.
You worshipped Cheibriados.
Cheibriados was exalted by your worship.
You visited 2 branches of the dungeon, and saw 17 of its levels.
You also visited: Sewer.

You collected 807 gold pieces.
You spent 413 gold pieces at shops.

Inventory:

Hand Weapons
 a - the +7 rapier "Archus Benue" (weapon) {vorpal, Str+6 Stlth+}
   (You bought it in a shop on level 5 of the Dungeon)

   It inflicts extra damage upon your enemies.
   It affects your strength (+6).
   It makes you more stealthy.
 b - a +0 shortbow
 j - a +1 quarterstaff of pain
 v - a +2 dagger of draining
 E - a +0 antimagic hand axe
 G - a +0 hunting sling
 I - a +9 trident of electrocution
 Z - a +0 arbalest
Missiles
 c - 166 bolts
 f - 589 stones
 h - 12 javelins
 k - 154 sling bullets
 m - 389 arrows
 r - 4 throwing nets
 t - 40 poisoned darts (quivered)
 O - 11 boomerangs
 S - 6 silver javelins
 Y - 8 curare-tipped darts
Armour
 p - a +2 robe of the Archmagi
 y - a scarf of repulsion (worn)
 F - a +2 pair of gloves (worn)
 U - a +2 pair of boots of stealth (worn)
 V - the +0 chain mail of the Endless Princes (worn) {*Corrode Will+ Str+4 Dex+5}
   (You found it on level 11 of the Dungeon)

   It affects your strength (+4).
   It affects your dexterity (+5).
   It affects your willpower, your defense against some magical effects.
   It may corrode you when you take damage.
Jewellery
 d - an uncursed ring of resist corrosion
 e - a +6 ring of strength
 l - an uncursed ring of fire
 q - a +6 ring of dexterity
 D - an uncursed ring of positive energy
 J - a +4 ring of protection (left hand)
 K - an uncursed amulet of faith
 L - an amulet of regeneration (around neck)
 T - a +4 ring of protection (right hand)
Wands
 i - a wand of acid (17)
 H - a wand of flame (18)
 Q - a wand of iceblast (7)
 X - a wand of disintegration (13)
Scrolls
 g - a scroll of remove curse
 u - 5 scrolls of teleportation
 x - 3 scrolls of fog
 C - a scroll of fear
 P - 4 scrolls of enchant armour
Potions
 n - 5 potions of might
 o - 7 potions of curing
 s - 7 potions of brilliance
 z - 5 potions of heal wounds
 A - 2 potions of flight
 R - a potion of magic
Miscellaneous
 w - a condenser vane
 W - a phial of floods (inert)


   Skills:
 * Level 3.7 Fighting
 + Level 4.9(5.0) Short Blades
 + Level 1.1(3.0) Long Blades
 + Level 1.0(1.5) Axes
 + Level 0.9(1.5) Maces & Flails
 + Level 1.0(1.6) Polearms
 + Level 2.1(2.5) Staves
 + Level 1.0(1.3) Slings
 + Level 5.5 Bows
 + Level 1.8 Crossbows
 + Level 1.4(1.7) Throwing
 + Level 1.9 Armour
 + Level 5.0 Dodging
 + Level 6.2 Stealth
 + Level 1.0 Shields
 + Level 1.0 Unarmed Combat
 + Level 15.2 Spellcasting
 + Level 1.4 Conjurations
 + Level 3.2 Hexes
 + Level 10.4 Summonings
 + Level 1.6 Necromancy
 + Level 1.4 Translocations
 + Level 1.4 Transmutations
 + Level 2.0 Fire Magic
 + Level 1.5 Ice Magic
 + Level 2.9 Air Magic
 + Level 1.4 Earth Magic
 + Level 2.4 Poison Magic
 * Level 7.5 Invocations
 + Level 1.5 Evocations


You had 10 spell levels left.
You knew the following spells:

 Your Spells              Type           Power        Failure   Level
a - Summon Small Mammal   Summ           100%         1%          1
b - Call Imp              Summ           85%          1%          2
c - Call Canine Familiar  Summ           85%          1%          3
d - Summon Guardian Gole  Hex/Summ       71%          1%          3
e - Summon Ice Beast      Ice/Summ       67%          4%          4
f - Summon Lightning Spi  Summ/Air       71%          3%          4
g - Freeze                Ice            100%         2%          1
h - Poisonous Vapours     Pois/Air       100%         2%          2
i - Conjure Flame         Conj/Fire      44%          8%          3
j - Summon Mana Viper     Hex/Summ       71%          9%          5
k - Frozen Ramparts       Ice            84%          9%          3

Your spell library contained the following spells:

 Spells                   Type           Power        Failure   Level
 Summon Demon             Summ           42%          1%          5
 Ensorcelled Hibernation  Hex/Ice        98%          3%          2
 Mephitic Cloud           Conj/Pois/Air  48%          6%          3
 Ozocubu's Armour         Ice            42%          9%          3
 Shadow Creatures         Summ           N/A          12%         6
 Summon Forest            Summ/Tloc      33%          13%         5
 Cause Fear               Hex            27%          14%         4
 Hailstorm                Conj/Ice       42%          28%         4
 Silence                  Hex/Air        26%          38%         5
 Yara's Violent Unravell  Hex/Tmut       24%          50%         5
 Summon Hydra             Summ           42%          54%         7
 Borgnjor's Vile Clutch   Necr/Erth      21%          61%         5
 Freezing Cloud           Conj/Ice/Air   23%          98%         6
 Discord                  Hex            27%          100%        8


Dungeon Overview and Level Annotations

Branches:
Dungeon (12/15)            Temple (0/1) D:6            Lair (5/6) D:10
 Shoals (0/4) Lair:4        Snake (0/4) Lair:2        Sewer (visited)
  Slime: Lair:5-6       Orc: D:9-12

Altars:
Ashenzari
Cheibriados
Dithmenos
Elyvilon
Fedhas
Kikubaaqudgha
Nemelex Xobeh
Okawaru
Qazlal
Sif Muna
Trog
Uskayaw
Vehumet
Wu Jian
Yredelemnul
The Shining One
Beogh

Shops:
D:4 (   D:5 *   D:7 :   D:8 [   D:9 *   D:10 !

Annotations:
D:10 Fannar, Urug


Innate Abilities, Weirdness & Mutations

You are somewhat resistant to further mutation.
You expend magic power (3 MP) to strengthen your wands.


Message History

Okay, then.
Your warg bites the fire crab.
The fire crab bites your warg.
Your warg is engulfed in flames!
The fire crab claws your warg.
Your warg is engulfed in flames!
Your warg bites the fire crab!
The fire crab bites your warg!
Your warg is engulfed in flames!
Your warg dies!
Your warg's corpse disappears in a puff of smoke!
The fire crab bites you!
You are engulfed in flames!
* * * LOW HITPOINT WARNING * * *
The fire crab closely misses you. The fire crab closely misses you.
The fire crab claws you.
You are engulfed in flames!
* * * LOW HITPOINT WARNING * * *
The fire crab breathes flames at you.
The blast of flame engulfs you but does no damage.
Your guardian golem is engulfed in blazing flames.
Your guardian golem overheats!
You are engulfed in blazing flames.
You die...

###....# ...# ##.##.#
....## # #......
#....#.###.#### #
######....##....# ...
#.#.##....#....##
###....##.○..#....#....#
.+.......○○○○........+.##
.8.....8.t@○.8.....8### .
........8○○○.........####.
#.........#..............
#.....##.####...##..###..
#...#######...##..####..
##.÷.####....##.#.# ...
##....8....####..####..
#..#.......####.#.#.#P..
######.<.###............


You could see a fire crab and a friendly guardian golem (summoned, inner flame).

Vanquished Creatures
  A hydra (Lair:3)
  A cyclops (D:11)
  2 manticores (Lair:5)
  An ugly thing (D:11)
  A centaur zombie (D:10)
  2 black mambas
  6 cane toads
  2 komodo dragons
  A troll (D:9)
  Sigmund (D:3)
  2 basilisks
  3 wyverns
  A wraith (D:11)
  A vampire mosquito (D:11)
  12 water moccasins
  2 sky beasts
  3 black bears
  4 ogres
  5 wolves
  3 centaurs (Lair:4)
  2 big kobolds
  9 bullfrogs
  A scorpion (D:11)
  5 killer bees (D:11)
  6 wights
  A howler monkey (D:2)
  An electric eel (D:11)
  A bullfrog zombie (D:11)
  3 hounds
  2 iguanas
  5 worker ants
  A hound skeleton (D:8)
  A howler monkey skeleton (D:5)
  A worker ant zombie (D:11)
  6 adders
  A white imp (D:5)
  An adder skeleton (D:8)
  An adder zombie (D:7)
  2 leopard geckos
  7 orcs
  3 ball pythons (Lair:2)
  3 bats (D:2)
  2 giant cockroaches (D:4)
  A hobgoblin (D:2)
  2 jackals (D:11)
  3 quokkas
  A gnoll zombie (D:7)
  A goblin (D:1)
  6 kobolds
  A quokka skeleton (D:8)
  3 rats
137 creatures vanquished.

Vanquished Creatures (collateral kills)
  2 hydras
  Harold (D:8)
  A centaur warrior (D:11)
  The ghost of growler the Zephyrmancer, a novice TeAE of Vehumet (D:8)
  An unseen horror (D:11)
  An ugly thing (D:11)
  A manticore (D:11)
  2 black mambas
  Psyche (D:8)
  A gargoyle (D:10)
  2 cane toads
  A komodo dragon (Lair:2)
  A centaur skeleton (D:11)
  A rime drake (Lair:2)
  2 trolls
  2 polar bears
  A wyvern (D:11)
  Eustachio (D:5)
  3 yaks (D:9)
  9 water moccasins
  4 orc warriors
  2 eyes of draining (D:5)
  2 ice beasts (D:8)
  7 ogres
  3 wolves (Lair:2)
  6 centaurs
  2 big kobolds (Sewer)
  7 bullfrogs
  A scorpion (D:7)
  9 wights
  4 killer bees
  An electric eel (D:11)
  A howler monkey (D:11)
  3 bullfrog skeletons
  A bullfrog zombie (D:8)
  2 jellies
  A hound (D:7)
  A gnoll shaman (D:5)
  2 orc priests
  Crazy Yiuf (D:3)
  Jessica (D:2)
  3 orc wizards
  4 worker ants
  2 hound zombies
  A howler monkey zombie (D:5)
  2 howler monkey skeletons
  6 gnolls
  11 adders
  4 river rats (Sewer)
  2 shadow imps
  3 white imps
  3 oozes
  2 worms
  6 dart slugs
  A leopard gecko (D:11)
  25 orcs
  5 ball pythons
  7 giant cockroaches
  A gnoll zombie (D:7)
  4 goblins
  4 hobgoblins
  12 jackals
  A quokka (D:9)
  3 bats
  4 frilled lizards
  A jackal skeleton (D:4)
  A jackal zombie (D:6)
  19 kobolds
  A leopard gecko skeleton (D:4)
  A quokka zombie (D:5)
  21 rats
256 creatures vanquished.

Vanquished Creatures (others)
  A death knight (D:11)
  2 trolls
  An eye of draining (D:10)
  A centaur (Lair:4)
  A worker ant (D:7)
  An adder skeleton (D:7)
  11 fungi
  32 plants
50 creatures vanquished.

Grand Total: 443 creatures vanquished

Notes
Turn   | Place    | Note
-------+----------+-------------------------------------------
     0 | D:1      | promet the Deep Elf Summoner began the quest for the Orb.
     0 | D:1      | Reached XP level 1. HP: 10/10 MP: 6/6
   283 | D:1      | Reached XP level 2. HP: 14/15 MP: 5/8
   286 | D:1      | Learned a level 2 spell: Call Imp
   993 | D:1      | Gained mutation: You expend magic power (3 MP) to
                  | strengthen your wands. [potion of mutation]
   993 | D:1      | Gained mutation: You are somewhat resistant to further
                  | mutation. [potion of mutation]
  1576 | D:2      | Noticed Jessica
  1956 | D:2      | Reached skill level 5 in Summonings
  1956 | D:2      | Reached XP level 3. HP: 19/19 MP: 6/10
  2022 | D:2      | Killed Jessica
  2023 | D:2      | Reached skill level 4 in Spellcasting
  2454 | D:2      | Reached XP level 4. HP: 21/24 MP: 9/12
  2772 | D:2      | Found a blossoming altar of Fedhas.
  2876 | D:3      | Found a snail-covered altar of Cheibriados.
  3030 | D:3      | Became a worshipper of Cheibriados the Contemplative
  3171 | D:3      | Found a broken altar of Ashenzari.
  3325 | D:3      | Noticed a bullfrog
  3338 | D:3      | Killed a bullfrog
  3339 | D:3      | Reached skill level 5 in Spellcasting
  3339 | D:3      | Reached XP level 5. HP: 17/28 MP: 11/14
  3557 | D:3      | Found a sparkling altar of Nemelex Xobeh.
  3576 | D:3      | Noticed Sigmund
  3616 | D:3      | Killed Sigmund
  3617 | D:3      | Reached skill level 6 in Spellcasting
  3617 | D:3      | Reached skill level 1 in Invocations
  3717 | D:3      | Learned a level 3 spell: Call Canine Familiar
  3964 | D:3      | Found an ancient bone altar of Kikubaaqudgha.
  4161 | D:3      | Found a runed translucent door.
  4162 | D:3      | Noticed Crazy Yiuf
  4455 | D:3      | Killed Crazy Yiuf
  4456 | D:3      | Reached XP level 6. HP: 33/33 MP: 5/17
  4704 | D:4      | Found Vomam's Weapon Shop.
  4712 | D:4      | Reached * piety under Cheibriados
  5080 | D:4      | Found a glowing drain.
  5084 | Sewer    | Entered a sewer
  5271 | Sewer    | Reached ** piety under Cheibriados
  5461 | Sewer    | Reached *** piety under Cheibriados
  5876 | D:4      | Learned a level 3 spell: Summon Guardian Golem
  6335 | D:4      | Reached skill level 7 in Spellcasting
  6477 | D:4      | Found a bloodstained altar of Trog.
  6581 | D:4      | Found a shadowy altar of Dithmenos.
  6761 | D:5      | Entered Level 5 of the Dungeon
  6766 | D:5      | Reached XP level 7. HP: 37/37 MP: 15/19
  6803 | D:5      | Reached **** piety under Cheibriados
  7061 | D:5      | Reached skill level 1 in Short Blades
  7309 | D:5      | Found a bloodstained altar of Trog.
  7344 | D:5      | Found Qebibb's Assorted Antiques.
  7344 | D:5      | Noticed Eustachio
  7366 | D:5      | Killed Eustachio
  7367 | D:5      | Reached skill level 8 in Spellcasting
  7445 | D:5      | Bought a slimy rapier for 171 gold pieces
  7445 | D:5      | Identified the +7 rapier "Archus Benue" {vorpal, Str+6
                  | Stlth+} (You bought it in a shop on level 5 of the Dungeon)
  7966 | D:5      | Reached XP level 8. HP: 42/42 MP: 18/22
  8136 | D:5      | Found a radiant altar of Vehumet.
  8355 | D:5      | Found a hide-covered altar of Uskayaw.
  8601 | D:6      | Reached skill level 9 in Spellcasting
  8994 | D:6      | Reached ***** piety under Cheibriados
  9033 | D:6      | Found a staircase to the Ecumenical Temple.
  9182 | D:6      | Reached skill level 1 in Bows
  9542 | D:7      | Reached skill level 1 in Staves
  9638 | D:7      | Reached skill level 10 in Spellcasting
  9679 | D:7      | Found a stormy altar of Qazlal.
  9707 | D:7      | Reached skill level 1 in Fighting
 10120 | D:7      | Found Gevoanor's Book Boutique.
 10172 | D:7      | Found a basalt altar of Yredelemnul.
 10567 | D:8      | Reached XP level 9. HP: 47/47 MP: 21/25
 10721 | D:8      | Found Koss's Armour Shop.
 10790 | D:8      | Noticed Harold
 10834 | D:8      | Killed Harold
 10835 | D:8      | Reached skill level 11 in Spellcasting
 11293 | D:8      | Found a white marble altar of Elyvilon.
 11590 | D:8      | Found an ornate altar of the Wu Jian Council.
 11707 | D:8      | Noticed Psyche
 11715 | D:8      | Killed Psyche
 11737 | D:8      | Found a glowing golden altar of the Shining One.
 11771 | D:8      | Learned a level 4 spell: Summon Ice Beast
 11776 | D:8      | Learned a level 4 spell: Summon Lightning Spire
 11915 | D:8      | Found a runed translucent gate.
 11916 | D:8      | Found a runed translucent gate.
 11916 | D:8      | Noticed growler's ghost (novice TeAE)
 11917 | D:8      | Found a runed translucent gate.
 11918 | D:8      | Identified the +4 spear of Duce {vorpal, rN+ Str+5 Int-4}
 11919 | D:8      | Found a roughly hewn altar of Beogh.
 12064 | D:8      | Killed growler's ghost
 12065 | D:8      | Reached skill level 1 in Hexes
 12254 | D:8      | Found a shimmering blue altar of Sif Muna.
 12298 | D:9      | Noticed a troll
 12315 | D:9      | Killed a troll
 12316 | D:9      | Reached skill level 12 in Spellcasting
 12560 | D:9      | Found Erixug's Assorted Antiques.
 12980 | D:9      | Learned a level 1 spell: Freeze
 13030 | D:9      | Found an iron altar of Okawaru.
 13118 | D:9      | Bought a scroll of identify for 34 gold pieces
 13119 | D:9      | Reached skill level 1 in Long Blades
 13119 | D:9      | Reached skill level 1 in Axes
 13119 | D:9      | Reached skill level 1 in Polearms
 13119 | D:9      | Reached skill level 1 in Slings
 13119 | D:9      | Reached skill level 1 in Crossbows
 13119 | D:9      | Reached skill level 1 in Throwing
 13119 | D:9      | Reached skill level 1 in Armour
 13119 | D:9      | Reached skill level 5 in Stealth
 13119 | D:9      | Reached skill level 1 in Shields
 13119 | D:9      | Reached skill level 1 in Unarmed Combat
 13119 | D:9      | Reached skill level 1 in Conjurations
 13119 | D:9      | Reached skill level 1 in Necromancy
 13119 | D:9      | Reached skill level 1 in Translocations
 13119 | D:9      | Reached skill level 1 in Transmutations
 13119 | D:9      | Reached skill level 1 in Fire Magic
 13119 | D:9      | Reached skill level 1 in Ice Magic
 13119 | D:9      | Reached skill level 1 in Air Magic
 13119 | D:9      | Reached skill level 1 in Earth Magic
 13119 | D:9      | Reached skill level 1 in Poison Magic
 13119 | D:9      | Reached skill level 5 in Invocations
 13119 | D:9      | Reached skill level 1 in Evocations
 13119 | D:9      | Reached XP level 10. HP: 53/53 MP: 28/28
 13865 | D:10     | Entered Level 10 of the Dungeon
 14059 | D:10     | Reached XP level 11. HP: 57/57 MP: 25/29
 14441 | D:10     | Reached skill level 13 in Spellcasting
 14626 | D:10     | Reached skill level 5 in Bows
 14796 | D:10     | Found Omnejuinn's Distillery.
 14800 | D:10     | Bought a potion of heal wounds for 80 gold pieces
 14800 | D:10     | Bought a potion of invisibility for 128 gold pieces
 14812 | D:10     | Found a staircase to the Lair.
 15767 | D:11     | Reached ****** piety under Cheibriados
 16175 | D:11     | Noticed a purple ugly thing
 16430 | D:11     | Noticed Urug
 16585 | Lair:1   | Entered Level 1 of the Lair of Beasts
 16819 | Lair:1   | Learned a level 2 spell: Poisonous Vapours
 16823 | Lair:1   | Learned a level 3 spell: Conjure Flame
 16829 | Lair:1   | Learned a level 5 spell: Summon Mana Viper
 17006 | Lair:1   | Noticed a four-headed hydra
 17015 | Lair:1   | Killed a four-headed hydra
 17131 | Lair:1   | Noticed Fannar
 17354 | D:11     | Reached skill level 14 in Spellcasting
 17553 | D:11     | Killed a purple ugly thing
 17707 | D:11     | Reached skill level 5 in Dodging
 17721 | D:11     | Learned a level 3 spell: Frozen Ramparts
 17727 | D:11     | Killed an unseen horror
 18083 | D:11     | Noticed a death knight
 18086 | D:11     | Noticed a cyan ugly thing
 18093 | D:11     | Killed a cyan ugly thing
 18105 | D:11     | Killed a death knight
 18321 | D:11     | Reached skill level 10 in Summonings
 18776 | D:11     | Noticed a centaur warrior
 18779 | D:11     | Killed a centaur warrior
 18822 | D:11     | Identified the cursed +0 chain mail of the Endless Princes
                  | {*Corrode Will+ Str+4 Dex+5} (You found it on level 11 of
                  | the Dungeon)
 18961 | Lair:1   | Reached XP level 12. HP: 64/64 MP: 32/32
 20305 | Lair:2   | Found a staircase to the Snake Pit.
 20679 | Lair:3   | Noticed a six-headed hydra
 20685 | Lair:3   | Killed a six-headed hydra
 20686 | Lair:3   | Reached skill level 15 in Spellcasting
 20977 | Lair:3   | Noticed a five-headed hydra
 20987 | Lair:3   | Killed a five-headed hydra
 21084 | Lair:3   | You fall into a shaft and drop 2 floors!
 21156 | Lair:5   | Noticed a catoblepas
 21156 | Lair:5   | Noticed a catoblepas
 21160 | Lair:4   | Found a staircase to the Shoals.
 21333 | Lair:4   | Noticed a death yak
 21362 | Lair:3   | Engulfed by a fire crab's flame

Illustrated notes

Levels and vault maps discovered:
D:1:      eino_arrival_cavern_d, layout_basic, serial_rivers,
          chequers_serial_rivers_small_b, chequers_serial_rivers_marsh,
          chequers_serial_rivers_large_b, chequers_serial_rivers_micro_d,
          minmay_tall_x
D:2:      layout_loops_cross, fedhas_altar_4, uniq_jessica
D:3:      layout_basic, lemuel_round_altar, evilmike_ruin_ashenzari,
          lemuel_crystal_altar, nemelex_altar_shiori, uniq_sigmund,
          uniq_crazy_yiuf_cottage
D:4:      layout_loops_ring, minitemple, gup_sewer_entry_spiral, serial_shops,
          shop_statue
D:5:      layout_basic, overflow_temple_1_default, marbit_many_paths,
          serial_shops, nicolae_shop_trees, trog_eyes_of_draining,
          uniq_eustachio
D:6:      layout_basic, minmay_temple_entry_slanted, minmay_misc_feat_hallway
D:7:      layout_basic, lemuel_zombie_altar_yredelemnul, grunt_qazlal_clouds,
          serial_shops, kennysheep_mini, abandoned_shop, grunt_ministairs_3
D:8:      layout_rooms, lemuel_blue_sif_altar, nzn_wu_jian_contemplation,
          old_standard_altar, lemuel_doored_altar, biasface_ghost_orc_armoury,
          serial_shops, nicolae_shop_stone, uniq_psyche, uniq_harold
D:9:      layout_long_grid, serial_shops, nicolae_shop_crystal,
          okawaru_metal_pillars_3
D:10:     layout_stronghold, minmay_lair_entry_grove, serial_shops,
          kennysheep_little_box
D:11:     minmay_chambers_of_sevens, layout_small_grid, minivault_14, uniq_urug
D:12:     minmay_blocking_statues, layout_irregular_city, david_orc_5,
          nrook_uturn, lightli_church_of_beogh, uniq_jorgrun, uniq_nessos,
          uniq_josephine
Lair:1:   layout_misc_corridors, uniq_fannar
Lair:2:   layout_cave_shapes, minmay_snake_entry_six_corridors,
          grunt_megastairs_4
Lair:3:   layout_loops_ring, nicolae_quartered_pool_super, grunt_megastairs_5
Lair:4:   layout_roguey, minmay_shoals_entry_centaurs, st_stairs_13,
          hangedman_lair_generics_rect
Lair:5:   nzn_motion_control, layout_cave_pods, chequers_serial_rivers_marsh

Skill      XL: |  1  2  3  4  5  6  7  8  9 10 11 12 |
---------------+-------------------------------------+-----
Summonings     | 5 6 7 9 10 | 10.4
Spellcasting   | 4 5 6 7 8 10 12 14 15 | 15.2
Stealth        | 3 4 5 6 |  6.2
Invocations    | 1 2 3 5 6 7 |  7.5
Short Blades   | 1 2 4 |  4.9
Bows           | 2 4 5 |  5.5
Staves         | 1 2 |  2.1
Fighting       | 1 2 3 |  3.7
Hexes          | 2 3 |  3.2
Long Blades    | 1 |  1.1
Axes           | 1 |  1.0
Polearms       | 1 |  1.0
Slings         | 1 |  1.0
Crossbows      | 1 |  1.8
Throwing       | 1 |  1.4
Armour         | 1 |  1.9
Dodging        | 4 5 |  5.0
Shields        | 1 |  1.0
Unarmed Combat | 1 |  1.0
Conjurations   | 1 |  1.4
Necromancy     | 1 |  1.6
Translocations | 1 |  1.4
Transmutations | 1 |  1.4
Fire Magic     | 1 2 |  2.0
Ice Magic      | 1 |  1.5
Air Magic      | 1 2 |  2.9
Earth Magic    | 1 |  1.4
Poison Magic   | 1 2 |  2.4
Evocations     | 1 |  1.5
Maces & Flails | |  0.9

Action                   |  1- 3 |  4- 6 |  7- 9 | 10-12 || total
-------------------------+-------+-------+-------+-------++-------
Melee: Mace              |     3 |       |       |       ||     3
       Dagger            |    20 |       |       |       ||    20
       Short sword       |    10 |    23 |    17 |       ||    50
       Rapier            |       |       |    35 |   197 ||   232
       Trident           |       |       |    17 |       ||    17
       Quarterstaff      |       |       |     3 |       ||     3
       Punch             |       |       |       |     1 ||     1
 Fire: Hunting sling     |       |     1 |       |       ||     1
       Shortbow          |       |       |    26 |    65 ||    91
       Arbalest          |       |       |       |    14 ||    14
Throw: Dart              |       |       |     9 |     2 ||    11
 Cast: Summon Small Mamm |    42 |    59 |    57 |    25 ||   183
       Call Imp          |    17 |    39 |    64 |    40 ||   160
       Call Canine Famil |       |    14 |    33 |    35 ||    82
       Summon Guardian G |       |       |    22 |    26 ||    48
       Summon Lightning  |       |       |     6 |    28 ||    34
       Freeze            |       |       |       |     5 ||     5
       Poisonous Vapours |       |       |       |    19 ||    19
       Summon Mana Viper |       |       |       |     2 ||     2
       Conjure Flame     |       |       |       |     1 ||     1
       Summon Ice Beast  |       |       |       |     1 ||     1
Invok: Bend Time         |       |       |     3 |     4 ||     7
       Temporal Distorti |       |       |     1 |       ||     1
Evoke: Wand              |       |       |       |     3 ||     3
       Phial of floods   |       |       |       |     1 ||     1
  Use: Scroll            |     6 |     7 |    12 |    10 ||    35
       Potion            |     6 |     1 |     1 |     9 ||    17
 Stab: Sleeping          |     2 |     3 |     5 |     9 ||    19
       Distracted        |       |       |     4 |     8 ||    12
       Invisible         |       |       |       |     4 ||     4
Armor: Robe              |     4 |     7 |    25 |    74 ||   110
       Leather armour    |     4 |       |       |       ||     4
       Chain mail        |       |       |       |    92 ||    92
Dodge: Dodged            |    24 |    36 |    76 |   336 ||   472
       Repelled          |       |       |     1 |    12 ||    13
